 Dungeon Crawl Stone Soup version 0.29.0-4-gdea44cf6ec (webtiles) character file.

Game seed: 6916297532913062719

102 qw the Ruffian (level 4, -6/44 HPs)
             Began as a Troll Cinder Acolyte on Sept 1, 2022.
             Was a High Priest of Ignis.
             Killed from afar by Grinder (22 damage)
             ... with a bolt of light
             ... on level 3 of the Dungeon.
             The game lasted 00:01:00 (1390 turns).

qw the Ruffian (Troll Cinder Acolyte)               Turns: 1390, Time: 00:01:00

Health: -6/44      AC: 11    Str: 23    XL:     4   Next: 49%
Magic:  4/4        EV:  9    Int:  9    God:    Ignis [*****.]
Gold:   48         SH:  4    Dex: 11    Spells: 5/5 levels left

rFire   + . .      SeeInvis .     - Unarmed
rCold   . . .      Faith    .   (no shield)
rNeg    . . .      Spirit   .   a - +0 robe
rPois   .          Reflect  .   (helmet restricted)
rElec   .          Harm     .   (no cloak)
rCorr   .          Rampage  .   (gloves unavailable)
Will    .....                   (boots unavailable)
Stlth   ++........              d - amulet of the acrobat
HPRegen 0.94/turn               (no ring)
MPRegen 0.09/turn               (no ring)

@: fiery-armoured
A: large, unfitting armour, claws 3, regeneration 1, shaggy fur 1, tough skin 1,
large bone plates 1, thin skeletal structure 1, agile 1, MP-powered wands
a: Renounce Religion, Fiery Armour, Foxfire Swarm, Rising Flame


You were on level 3 of the Dungeon.
You worshipped Ignis.
Ignis was extremely pleased with you.
You visited 1 branch of the dungeon, and saw 3 of its levels.

You collected 48 gold pieces.


Innate Abilities, Weirdness & Mutations

You are too large for most types of armour.
You have claws for hands.
Your natural rate of healing is unusually fast.
You are covered in fur. (AC +1)
You have tough skin. (AC +1)
You are partially covered in large bone plates. (SH +4)
You have a somewhat thin skeletal structure. (Dex +2, Stealth+)
You are agile. (Dex +4, Str/Int -1)
You expend magic power (3 MP) to strengthen your wands.


   Skills:
 - Level 2.4 Fighting
 + Level 0.5 Dodging
 - Level 5.2 Unarmed Combat
 - Level 1.0 Spellcasting
 - Level 2.1 Fire Magic


You had 5 spell levels left.
You didn't know any spells.
Your spell library contained the following spells:

 Spells                   Type           Power      Damage    Failure   Level
 Scorch                   Fire           8%         2d5       22%         2

Inventory:

Missiles
 b - 4 boomerangs (quivered)
Armour
 a - a +0 robe (worn)
Jewellery
 d - an amulet of the acrobat (around neck)
Scrolls
 j - 4 scrolls of identify
Potions
 g - a potion of might
 l - a potion of curing

Dungeon Overview and Level Annotations

Branches:
Dungeon (3/15)

Altars:

Annotations:
D:2 1 runed translucent door, Crazy Yiuf
D:3 Grinder


Message History

Grinder is moderately wounded.
Grinder hits you but does no damage.
Grinder is burned by your cloak of flames.
Grinder is heavily wounded.
You closely miss Grinder.
Grinder is heavily wounded.
Grinder blinks!
Grinder barely misses you.
You scratch Grinder.
Grinder is heavily wounded.
Grinder gestures at you.
You barely resist. You scratch Grinder but do no damage.
Grinder is heavily wounded.
Grinder barely misses you.
You claw Grinder!
Grinder is severely wounded.
You scratch Grinder.
Grinder is almost dead.
Grinder says, "FISH!"
Grinder gestures at you.
You suddenly lose the ability to move!
Grinder gestures at you.
You barely resist. Grinder gestures at you. You resist with significant effort.
You can move again.
You scratch Grinder but do no damage.
Grinder is severely wounded.
You block Grinder's attack.
You barely miss Grinder.
Grinder is severely wounded.
Grinder hits you.
You writhe in agony.
Grinder is burned by your cloak of flames.
Grinder is almost dead.
You barely miss Grinder.
Grinder is almost dead.
Grinder zaps a wand.
The bolt of light hits you!!
Ouch! That really hurt!
You die...

.. .# .# #. .# #.
.# #.####.######
##............
####...........##
#........@.?....#
##...%.5..(...#
#............#
##............
#....##...###
#.#### #### #<#
#.# #.#


You could see Grinder.

Vanquished Creatures
  Jessica (D:2)
  3 adders
  4 ball pythons
  9 bats
  4 endoplasms
  4 giant cockroaches
  5 hobgoblins
  2 quokkas
  5 frilled lizards
  8 kobolds
  4 rats
49 creatures vanquished.

Notes
Turn   | Place    | Note
-------+----------+-------------------------------------------
     0 | D:1      | qw the Troll Cinder Acolyte began the quest for the Orb.
     0 | D:1      | Reached XP level 1. HP: 22/22 MP: 1/1
     0 | D:1      | 0 ||| qw: Version: 0.1-a-97-g2dd2ca4
     0 | D:1      | 0 ||| qw: Game counter: 4693
     0 | D:1      | 0 ||| qw: Always use a shield: true
     0 | D:1      | 0 ||| qw: God list: Okawaru
     0 | D:1      | 0 ||| qw: Allow faded altars: false
     0 | D:1      | 0 ||| qw: Do Orc after D:15 true
     0 | D:1      | 0 ||| qw: Do second Lair branch before Depths: true
     0 | D:1      | 0 ||| qw: Lair rune preference: random
     0 | D:1      | 0 ||| qw: Plans: Normal
     0 | D:1      | 0 ||| PLANNING D:1-11
   149 | D:1      | Reached XP level 2. HP: 29/29 MP: 2/2
   265 | D:1      | Reached skill level 4 in Unarmed Combat
   317 | D:1      | 317 ||| Stepping ~*~*~tactically~*~*~ (outnumbered).
   494 | D:1      | 494 ||| DROPPING amulet of magic regeneration.
   495 | D:1      | 495 ||| READING scroll labelled UDAAME JOQO.
   496 | D:1      | 496 ||| READING scroll labelled ENETHEE KEFAPT.
   507 | D:2      | 507 ||| Stepping ~*~*~tactically~*~*~ (stealth).
   508 | D:2      | 508 ||| Stepping ~*~*~tactically~*~*~ (stealth).
   517 | D:2      | Reached XP level 3. HP: 21/36 MP: 3/3
   566 | D:2      | Identified the +0 buckler of Wuise {rF- rC+ Dex+4}
   582 | D:2      | 582 ||| Stepping ~*~*~tactically~*~*~ (stealth).
   652 | D:2      | Noticed Jessica
   657 | D:2      | Killed Jessica
   658 | D:2      | Reached XP level 4. HP: 42/44 MP: 4/4
   680 | D:2      | Reached skill level 5 in Unarmed Combat
   756 | D:2      | 756 ||| Stepping ~*~*~tactically~*~*~ (stealth).
   998 | D:2      | Found a runed translucent door.
   999 | D:2      | Noticed Crazy Yiuf
  1223 | D:2      | 1223 ||| UPGRADING to amulet of the acrobat.
  1228 | D:2      | 1228 ||| READING scroll labelled IRENASA NYID.
  1266 | D:2      | 1266 ||| READING 6 scrolls labelled MUSUMY SANOUCK.
  1267 | D:2      | 1267 ||| READING scroll labelled JIZYDI HEUL.
  1268 | D:2      | 1268 ||| READING scroll labelled RUENE XILOLYF.
  1269 | D:2      | 1269 ||| DRINKING 2 sedimented puce potions.
  1269 | D:2      | Gained mutation: You occasionally lose the ability to drink
                  | potions when taking damage. [potion of mutation]
  1269 | D:2      | Gained mutation: You are agile. (Dex +4, Str/Int -1)
                  | [potion of mutation]
  1269 | D:2      | Gained mutation: Your mind is acute. (Int +4, Str/Dex -1)
                  | [potion of mutation]
  1270 | D:2      | 1270 ||| DRINKING potion of mutation.
  1270 | D:2      | Lost mutation: Your mind is acute. (Int +4, Str/Dex -1)
                  | [potion of mutation]
  1270 | D:2      | Lost mutation: You occasionally lose the ability to drink
                  | potions when taking damage. [potion of mutation]
  1270 | D:2      | Gained mutation: You have a somewhat thin skeletal
                  | structure. (Dex +2, Stealth+) [potion of mutation]
  1270 | D:2      | Gained mutation: You are partially covered in large bone
                  | plates. (SH +4) [potion of mutation]
  1270 | D:2      | Gained mutation: You expend magic power (3 MP) to
                  | strengthen your wands. [potion of mutation]
  1271 | D:2      | 1271 ||| DRINKING 2 brown potions.
  1272 | D:2      | 1272 ||| DRINKING 3 inky potions.
  1307 | D:2      | 1307 ||| DRINKING 2 glowing ruby potions.
  1308 | D:2      | 1308 ||| READING 5 scrolls of identify.
  1308 | D:2      | 1308 ||| IDENTIFYING puce potion
  1309 | D:2      | 1309 ||| DROPPING potion of berserk rage.
  1310 | D:2      | 1310 ||| DROPPING 2 potions of lignification.
  1360 | D:3      | 1360 ||| PLANNING SEWER
  1366 | D:3      | Noticed Grinder
  1371 | D:3      | Paralysed by Grinder for 5 turns
  1377 | D:3      | 1377 ||| INVOKING Fiery Armour.
  1377 | D:3      | HP: 11/44 [Grinder (6)]
  1385 | D:3      | Paralysed by Grinder for 2 turns
  1390 | D:3      | Killed from afar by Grinder

Levels and vault maps discovered:
D:1:      dpeg_arrival_solitude, layout_rooms
D:2:      layout_loops_ring, minivault_4, uniq_jessica, uniq_crazy_yiuf_cottage
D:3:      layout_rooms, kiku_gazebo_garden_becter,
          lemuel_coloured_pillars_altar, portal_sewer_entry_b,
          chequers_arboretum, uniq_grinder

Skill      XL: |  1  2  3  4 |
---------------+-------------+-----
Unarmed Combat | 4 5 |  5.2
Fighting       | |  2.4
Dodging        | |  0.5
Spellcasting   | |  1.0
Fire Magic     | |  2.1

Action                   |  1- 3 |  4- 6 || total
-------------------------+-------+-------++-------
Melee: Unarmed           |    77 |    30 ||   107
       Punch             |     1 |     1 ||     2
Throw: Boomerang         |     7 |    22 ||    29
Invok: Fiery Armour      |       |     1 ||     1
  Use: Scroll            |     2 |     5 ||     7
       Potion            |       |     5 ||     5
Armor: Robe              |    22 |     4 ||    26
Dodge: Dodged            |    29 |    12 ||    41
Block: Other             |       |     1 ||     1

Table legend:
 A = Non-vault XP
 B = Vault XP
 C = Vault XP percentage of total XP
 D = Non-vault monster count
 E = Vault monster count
 F = Vault count percentage of total count
                 A         B        C        D         E       F
            +---------+---------+-------+---------+---------+-------
      Total |     109 |      37 |  25.3 |      48 |       1 |   2.0
            +---------+---------+-------+---------+---------+-------
        D:1 |      38 |       0 |   0.0 |      24 |       0 |   0.0
        D:2 |      56 |      37 |  39.8 |      22 |       1 |   4.3
        D:3 |      15 |       0 |   0.0 |       2 |       0 |   0.0
            +---------+---------+-------+---------+---------+-------
